 Dungeon Crawl Stone Soup version 0.23-a0-819-g6debee6 (webtiles) character file.

1792 Gildeon the Firebug (level 8, -4/46 HPs)
             Began as a Deep Elf Fire Elementalist on Jan 21, 2019.
             Slain by an orc warrior
             ... wielding a +0 halberd
              (10 damage)
             ... on level 6 of the Dungeon on Jan 22, 2019.
             The game lasted 00:27:30 (5745 turns).

Gildeon the Firebug (Deep Elf Fire Elementalist)    Turns: 5745, Time: 00:27:31

Health: -4/46      AC:  5    Str:  5    XL:     8   Next: 82%
Magic:  8/19       EV: 14    Int: 23    God:
Gold:   384        SH:  0    Dex: 15    Spells: 2/20 levels left

rFire    . . .     SeeInvis .   h - +2 dagger (venom)
rCold    + . .     Gourm    .   (no shield)
rNeg     . . .     Faith    .   a - +0 robe
rPois    .         Spirit   .   e - +0 helmet
rElec    .         Reflect  .   (no cloak)
rCorr    .         Harm     .   (no gloves)
MR       .....                  g - +1 pair of boots
Stlth    ++........             (no amulet)
HPRegen  0.15/turn              i - ring of protection from cold
MPRegen  0.16/turn              (no ring)

@: about to teleport
A: no striking features
a: no special abilities


You were on level 6 of the Dungeon.
You were hungry.

You visited 1 branch of the dungeon, and saw 6 of its levels.
You also visited: Ossuary.

You collected 384 gold pieces.

Inventory:

Hand Weapons
 h - a +2 dagger of venom (weapon)
Armour
 a - a +0 robe (worn)
 e - a +0 helmet (worn)
 g - a +1 pair of boots (worn)
Jewellery
 i - a ring of protection from cold (left hand)
Wands
 b - a wand of disintegration (6)
 y - a wand of enslavement (10)
Scrolls
 f - a scroll of amnesia
 j - a scroll of fog
 p - 4 scrolls of teleportation
 C - a scroll of blinking
 D - a scroll of magic mapping
Potions
 d - 5 potions of curing
 k - a potion of heal wounds {unknown}
 l - 3 potions of magic
 m - a potion of resistance {unknown}
 n - 2 potions of haste
 o - a potion of invisibility {unknown}
 q - 2 potions of brilliance {unknown}
 r - 2 potions of might {unknown}
 s - 2 potions of degeneration {unknown}
 t - 3 potions of mutation
 u - a potion of lignification {unknown}
 v - a potion of cancellation {unknown}
 w - 2 potions of flight {unknown}
 x - a potion of agility {unknown}
 z - a potion of ambrosia {unknown}
 B - a potion of berserk rage {unknown}
Comestibles
 c - 16 rations


   Skills:
 - Level 3.0 Fighting
 - Level 1.0 Armour
 - Level 4.2 Dodging
 - Level 2.4 Stealth
 + Level 6.6 Spellcasting
 - Level 6.0 Conjurations
 + Level 6.8 Fire Magic
 - Level 5.0 Evocations


You had 2 spell levels left.
You knew the following spells:

 Your Spells              Type           Power        Failure   Level  Hunger
a - Flame Tongue          Conj/Fire      #####        1%          1    None
b - Throw Flame           Conj/Fire      #####.       1%          2    None
c - Conjure Flame         Conj/Fire      #####...     1%          3    None
d - Sticky Flame          Conj/Fire      #####...     5%          4    ###....
e - Fireball              Conj/Fire      #####.....   16%         5    #####..
f - Magic Dart            Conj           ####         1%          1    None
g - Searing Ray           Conj           #####.       1%          2    None

Your spell library contained the following spells:

 Spells                   Type           Power        Failure   Level  Hunger
 Inner Flame              Hex/Fire       ###.....     6%          3    None
 Dazzling Spray           Conj/Hex       ###...       7%          3    None
 Iskenderun's Mystic Bla  Conj           #####...     7%          4    ###....
 Force Lance              Conj/Tloc      ###.....     22%         4    ###....
 Fulminant Prism          Conj/Hex       ###.......   22%         4    ###....


Dungeon Overview and Level Annotations

Branches:
Dungeon (6/15)
 Temple: D:4-7

Altars:

Annotations:
D:6 2 transporters, ThereIsNoGod's ghost, novice DDFi


Message History

All of the chunks of flesh in your inventory have rotted away.
The centaur shoots an arrow.
The arrow hits you!
* * * LOW HITPOINT WARNING * * *
You see here an arrow.
As you read the scroll of teleportation, it crumbles to dust.
You feel strangely unstable.
The centaur shoots an arrow.
The arrow barely misses you.
Your surroundings suddenly seem different.
An orc warrior comes into view. It is wielding a +0 halberd.
The orc warrior shouts!
A worker ant comes into view.
An orc wizard comes into view. It is wielding a +4 dagger.
Found an escape hatch in the floor.
You are feeling hungry.
You start resting.
The orc warrior is too close now for your liking.
As you read the scroll of teleportation, it crumbles to dust.
You feel strangely unstable.
The orc warrior hits you with a +0 halberd!
You die...

........
#####
...... #
#.... #
... #.#
.. #.#
### #.##
##.####
##.#@#
##o##
###


You could see an orc warrior.

Vanquished Creatures
  3 sky beasts (D:5)
  2 black bears
  An orc warrior (D:6)
  An ice beast (D:6)
  An ogre (D:5)
  A centaur (D:5)
  A bullfrog (D:6)
  A scorpion (D:5)
  A howler monkey (D:6)
  A crimson imp (D:5)
  2 bullfrog zombies
  A quasit (D:5)
  3 orc priests
  A hound (D:5)
  A human zombie (D:4)
  A jelly (D:5)
  2 orc wizards (D:3)
  A centaur skeleton (D:4)
  2 iguanas
  2 worker ants
  A big kobold zombie (Ossuary)
  A hound zombie (D:5)
  8 mummies (Ossuary)
  A worker ant zombie (D:5)
  4 gnolls (D:6)
  5 adders
  2 worms
  3 leopard geckos
  16 orcs
  9 giant cockroaches
  6 goblins
  8 hobgoblins
  15 jackals
  3 kobolds (D:2)
  A quokka (D:2)
  10 bats
  7 frilled lizards
  A gnoll zombie (Ossuary)
  2 hobgoblin zombies (Ossuary)
  A jackal zombie (D:5)
  2 kobold zombies (Ossuary)
  2 orc zombies (Ossuary)
  4 rats
141 creatures vanquished.

Notes
Turn   | Place    | Note
-------+----------+-------------------------------------------
     0 | D:1      | Gildeon the Deep Elf Fire Elementalist began the quest for
                  | the Orb.
     0 | D:1      | Reached XP level 1. HP: 10/10 MP: 6/6
   230 | D:1      | Reached XP level 2. HP: 15/15 MP: 4/8
   238 | D:1      | Learned a level 2 spell: Throw Flame
   951 | D:2      | Reached XP level 3. HP: 19/19 MP: 6/10
   970 | D:2      | Learned a level 3 spell: Conjure Flame
  1521 | D:2      | Reached XP level 4. HP: 23/24 MP: 8/12
  1531 | D:2      | Learned a level 4 spell: Sticky Flame
  1782 | D:3      | Reached XP level 5. HP: 26/28 MP: 1/14
  1873 | D:3      | Upgraded the game from 0.23-a0-814-g91b4073 to
                  | 0.23-a0-819-g6debee6
  2095 | D:3      | Reached skill level 5 in Spellcasting
  2864 | D:4      | Found a sand-covered staircase.
  2872 | D:4      | Reached skill level 5 in Fire Magic
  2887 | Ossuary  | Entered an ossuary
  3014 | Ossuary  | Reached XP level 6. HP: 32/32 MP: 10/15
  3021 | Ossuary  | Learned a level 5 spell: Fireball
  3166 | Ossuary  | Reached skill level 1 in Evocations
  3271 | Ossuary  | Reached skill level 1 in Fighting
  3897 | D:5      | Entered Level 5 of the Dungeon
  3974 | D:5      | Reached XP level 7. HP: 22/39 MP: 5/16
  4025 | D:5      | Learned a level 1 spell: Magic Dart
  4154 | D:5      | Reached skill level 5 in Conjurations
  4931 | D:5      | Reached XP level 8. HP: 45/46 MP: 7/17
  5195 | D:5      | Reached skill level 5 in Evocations
  5348 | D:6      | Learned a level 2 spell: Searing Ray
  5361 | D:6      | Reached skill level 1 in Armour
  5461 | D:6      | Found a transporter.
  5461 | D:6      | Noticed ThereIsNoGod's ghost (novice DDFi)
  5488 | D:6      | Found a transporter.
  5745 | D:6      | Slain by an orc warrior

Vault maps used:
D:1:      minmay_arrival_four_houses
D:4:      enter_ossuary_3, first_ration
D:5:      minmay_skewed_foursquare, corexii_corridor_pit, grunt_decor_fettered,
          abandoned_shop
D:6:      minmay_temple_entry_drinking_statues, serial_undead, serial_undead_e,
          serial_undead_c, serial_undead_d, serial_undead_b,
          gammafunk_ghost_mausoleum, amethyst_killhole, st_stairs_13
Ossuary:  ossuary_tomb_3

Skill      XL: |  1  2  3  4  5  6  7  8 |
---------------+-------------------------+-----
Conjurations   | 2 3 4 5 6 |  6.0
Spellcasting   | 4 5 6 |  6.6
Fire Magic     | 4 5 6 |  6.8
Dodging        | 3 4 |  4.2
Evocations     | 2 4 5 |  5.0
Fighting       | 1 3 |  3.0
Armour         | 1 |  1.0
Stealth        | |  2.4

Action                   |  1- 3 |  4- 6 |  7- 9 || total
-------------------------+-------+-------+-------++-------
Melee: Dagger            |     3 |    32 |    20 ||    55
 Cast: Flame Tongue      |    67 |   134 |   128 ||   329
       Magic Dart        |       |       |     3 ||     3
       Sticky Flame      |       |       |     3 ||     3
       Throw Flame       |       |       |     3 ||     3
       Conjure Flame     |       |       |     1 ||     1
  Use: Scroll            |     7 |     4 |     6 ||    17
 Stab: Sleeping          |     1 |     1 |       ||     2
  Eat: Chunk             |     2 |     4 |     5 ||    11
       Ration            |       |     1 |       ||     1
Armor: Robe              |     4 |    25 |    20 ||    49
Dodge: Dodged            |    26 |    44 |    57 ||   127

Table legend:
 A = Non-vault XP
 B = Vault XP
 C = Vault XP percentage of total XP
 D = Non-vault monster count
 E = Vault monster count
 F = Vault count percentage of total count
                 A         B        C        D         E       F
            +---------+---------+-------+---------+---------+-------
      Total |    1761 |     800 |  31.2 |     117 |      24 |  17.0
            +---------+---------+-------+---------+---------+-------
        D:1 |      27 |       0 |   0.0 |      16 |       0 |   0.0
        D:2 |      92 |       0 |   0.0 |      23 |       0 |   0.0
        D:3 |     165 |       0 |   0.0 |      34 |       0 |   0.0
        D:4 |      95 |      42 |  30.7 |       7 |       1 |  12.5
        D:5 |     657 |     565 |  46.2 |      21 |       6 |  22.2
        D:6 |     725 |      15 |   2.0 |      16 |       1 |   5.9
    Ossuary |       0 |     178 | 100.0 |       0 |      16 | 100.0
            +---------+---------+-------+---------+---------+-------
